 Dungeon Crawl Stone Soup version 0.21.1-1-g345015f (webtiles) character file.

12500 Thetlang the Basher (level 11, 0/99 HPs)
             Began as a Hill Orc Fighter on Mar 19, 2018.
             Was an Elder of the Shining One.
             Slain by Chopsticks's ghost (12 damage)
             ... on level 11 of the Dungeon on Mar 22, 2018.
             The game lasted 01:35:10 (10067 turns).

Thetlang the Basher (Hill Orc Fighter)             Turns: 10067, Time: 01:35:11

Health: 0/99       AC: 19    Str: 21    XL:     11   Next: 94%
Magic:  11/11      EV:  7    Int:  8    God:    the Shining One [****..]
Gold:   460        SH: 15    Dex: 18    Spells: 10/10 levels left

rFire    . . .     SeeInvis +   F - +9 whip of Defiance {flame, rN+ SInv}
rCold    . . .     Gourm    .   c - +2 shield
rNeg     + + +     Faith    .   v - +0 plate armour
rPois    .         Spirit   .   h - +0 helmet
rElec    .         Reflect  .   u - +1 cloak
rCorr    .         Harm     .   (no gloves)
MR       .....                  k - +0 pair of boots
Stlth    ..........             r - amulet of regeneration
HPRegen  0.66/turn              s - ring of stealth
MPRegen  0.12/turn              j - +6 ring of dexterity

@: hasted, glowing, very quick
A: no striking features
a: Divine Shield, Cleansing Flame, Renounce Religion


You were on level 11 of the Dungeon.
You worshipped the Shining One.
The Shining One was greatly pleased with you.
You were full.

You visited 2 branches of the dungeon, and saw 12 of its levels.

You collected 460 gold pieces.

Inventory:

Hand Weapons
 a - a +0 mace
 A - a +1 spear
 C - a +4 long sword of freezing
 F - the +9 whip of Defiance (weapon) {flame, rN+ SInv}
   (You found it on level 7 of the Dungeon)

   It has been specially enchanted to burn those struck by it, causing extra
   injury to most foes and up to half again as much damage against particularly
   susceptible opponents.
   It protects you from negative energy.
   It lets you see invisible.
Armour
 c - a +2 shield (worn)
 d - a +0 ring mail of magic resistance
 h - a +0 helmet (worn)
 k - a +0 pair of boots (worn)
 u - a +1 cloak (worn)
 v - a +0 plate armour (worn)
Magical Staves
 b - an uncursed staff of cold
Jewellery
 e - an uncursed ring of flight
 j - a +6 ring of dexterity (right hand)
 r - an amulet of regeneration (around neck)
 s - a ring of stealth (left hand)
 z - a cursed -3 ring of strength {unknown}
Wands
 x - a wand of polymorph (12)
 D - a wand of flame (35)
 G - a wand of acid (12)
Scrolls
 i - 9 scrolls of teleportation
 p - 4 scrolls of remove curse
 q - a scroll of amnesia
 y - 3 scrolls of identify
 E - a scroll of fear
Potions
 g - a potion of brilliance
 l - 2 potions of agility
 m - 2 potions of curing
 n - a potion of ambrosia
 o - a potion of haste
 t - 2 potions of cancellation
 H - a potion of berserk rage
Books
 w - a book of Callings

   Spells                             Type                      Level
   a - Summon Small Mammal            Summoning                    1
   b - Call Imp                       Summoning                    2
   c - Call Canine Familiar           Summoning                    3
   d - Summon Guardian Golem          Hexes/Summoning              3
   e - Summon Lightning Spire         Summoning/Air                4
   f - Summon Ice Beast               Ice/Summoning                4
Comestibles
 f - 15 rations


   Skills:
 + Level 9.7 Fighting
 + Level 12.1 Maces & Flails
 + Level 8.7 Armour
 + Level 2.8 Dodging
 + Level 0.8 Stealth
 + Level 11.5 Shields


You had 10 spell levels left.
You didn't know any spells.

Dungeon Overview and Level Annotations

Branches:
Dungeon (11/15)            Temple (1/1) D:5            Lair (0/6) D:10
    Orc: D:9-12

Altars:
Ashenzari
Cheibriados
Dithmenos
Elyvilon
Fedhas
Gozag
Hepliaklqana
Kikubaaqudgha
Makhleb
Nemelex Xobeh
Okawaru
Qazlal
Ru
Sif Muna
Trog
Uskayaw
Vehumet
Wu Jian
Xom
Yredelemnul
Zin
The Shining One

Shops:
D:11 *

Portals:
Trove: D:10 (give +4 ice dragon scales)

Annotations:
D:9 gilok's ghost, novice GnWn
D:10 exclusion: 2 oklob plants
D:11 Chopsticks's ghost, journeyman MiBe


Message History

You block Chopsticks's ghost's attack.
You hit Chopsticks's ghost. You burn Chopsticks's ghost.
Chopsticks's ghost is heavily damaged.
You block the kobold's attack.
You hit Chopsticks's ghost. You burn Chopsticks's ghost.
Chopsticks's ghost is heavily damaged.
You block the big kobold's attack.
You hit Chopsticks's ghost but do no damage.
Chopsticks's ghost is heavily damaged.
You block Chopsticks's ghost's attack. The kobold hits you but does no damage.
A kobold comes into view. It is wielding a club.
You whack Chopsticks's ghost! You burn Chopsticks's ghost.
Chopsticks's ghost is severely damaged.
You block the kobold's attack. You block the big kobold's attack.
You hit Chopsticks's ghost. You burn Chopsticks's ghost.
Chopsticks's ghost is severely damaged.
You barely miss Chopsticks's ghost.
Chopsticks's ghost is severely damaged.
Chopsticks's ghost hits you!
You die...

... #.#.# ##### #.. #...#
....# #..K. #...# ..#.# #...
#.#.# ..#.# #... #.#.# ....#
#... +.#.#
....###########'########...#
..............KKW..........#
...............K@).......).#
####...........K$#######...#
####..................)....#
...........................#
.#'####...###############..#
.#....#..... ...#
.####.#...... ...# ...#
#.....# #...# ...# ... #.#.#


You could see a big kobold, Chopsticks's ghost and 3 kobolds.

Vanquished Creatures
  A hydra (D:11)
  3 two-headed ogres
  An unseen horror (D:9)
  3 cyclopes
  A gargoyle (D:11)
  A queen bee (D:9)
  2 hippogriffs
  Sigmund (D:2)
  A wraith (D:10)
  6 yaks (D:10)
  A hungry ghost (D:11)
  Edmund (D:5)
  A steam dragon (D:11)
  Duvessa (D:7)
  An orc warrior (D:10)
  2 sky beasts
  7 ogres
  5 ice beasts
  An eye of draining (D:10)
  7 centaurs
  3 big kobolds
  A crocodile (D:6)
  2 bullfrogs
  Dowan (D:7)
  A wyvern skeleton (D:8)
  2 scorpions
  29 killer bees
  3 wights (D:6)
  3 crimson imps
  A bullfrog zombie (D:5)
  A centaur zombie (D:10)
  10 orc priests
  A quasit (D:11)
  Crazy Yiuf (D:2)
  3 bullfrog skeletons
  4 hounds
  13 orc wizards
  A centaur skeleton (D:8)
  Jessica (D:3)
  5 iguanas
  4 worker ants
  A hound skeleton (D:5)
  Robin (D:3)
  4 gnolls (D:6)
  2 howler monkey skeletons
  13 adders
  3 shadow imps
  An adder zombie (D:8)
  An adder skeleton (D:6)
  3 worms
  4 dart slugs
  5 leopard geckos
  42 orcs
  5 bats
  7 giant cockroaches
  18 goblins
  12 hobgoblins
  15 jackals
  3 quokkas
  A ball python (D:5)
  8 frilled lizards
  A giant cockroach zombie (D:6)
  A jackal skeleton (D:4)
  24 kobolds
  A leopard gecko zombie (D:5)
  A quokka skeleton (D:6)
  6 rats
  A butterfly (D:5)
321 creatures vanquished.

Vanquished Creatures (others)
  The ghost of doroboNeko the Conjurer, a novice DrCj of Qazlal (D:5)
1 creature vanquished.

Grand Total: 322 creatures vanquished

Notes
Turn   | Place    | Note
-------+----------+-------------------------------------------
     0 | D:1      | Thetlang the Hill Orc Fighter began the quest for the Orb.
     0 | D:1      | Reached XP level 1. HP: 19/19 MP: 1/1
    50 | D:1      | Reached XP level 2. HP: 19/27 MP: 2/2
   213 | D:1      | Reached XP level 3. HP: 24/33 MP: 3/3
   723 | D:2      | Noticed Sigmund
  1003 | D:2      | Killed Sigmund
  1003 | D:2      | Reached skill level 4 in Maces & Flails
  1003 | D:2      | Reached XP level 4. HP: 17/41 MP: 4/4
  1003 | D:2      | Reached XP level 5. HP: 19/47 MP: 5/5
  1488 | D:2      | Reached XP level 6. HP: 52/53 MP: 6/6
  1669 | D:2      | Found a runed door.
  1673 | D:2      | Noticed Crazy Yiuf
  1680 | D:2      | Killed Crazy Yiuf
  1973 | D:3      | Noticed Robin
  2306 | D:3      | Noticed Jessica
  2320 | D:3      | Killed Jessica
  2515 | D:3      | Killed Robin
  2525 | D:3      | Reached skill level 5 in Shields
  2701 | D:3      | Reached skill level 5 in Maces & Flails
  2805 | D:3      | Reached skill level 1 in Dodging
  3230 | D:4      | Reached XP level 7. HP: 60/60 MP: 7/7
  3531 | D:5      | Entered Level 5 of the Dungeon
  3531 | D:5      | Found a staircase to the Ecumenical Temple.
  3545 | D:5      | Killed doroboNeko's ghost
  3656 | D:5      | Reached skill level 5 in Fighting
  3971 | Temple   | Entered the Ecumenical Temple
  4091 | Temple   | Became a worshipper of the Shining One
  4255 | D:6      | Noticed Edmund
  4332 | D:5      | Killed Edmund
  4332 | D:5      | Reached skill level 6 in Maces & Flails
  4571 | D:6      | Reached XP level 8. HP: 64/68 MP: 8/8
  5015 | D:6      | Reached skill level 7 in Maces & Flails
  5017 | D:6      | Reached * piety under the Shining One
  5023 | D:6      | Reached skill level 5 in Armour
  5478 | D:6      | Reached skill level 8 in Maces & Flails
  5480 | D:6      | Reached XP level 9. HP: 72/75 MP: 9/9
  5522 | D:7      | Noticed Duvessa
  5526 | D:7      | Noticed Dowan
  5534 | D:7      | Killed Duvessa
  5548 | D:7      | Killed Dowan
  5686 | D:7      | Reached skill level 9 in Maces & Flails
  5768 | D:7      | Reached ** piety under the Shining One
  5805 | D:7      | Found a shadowy altar of Dithmenos.
  5817 | D:7      | Got a polished whip
  5818 | D:7      | Identified the +9 whip of Defiance {flame, rN+ SInv} (You found it on level 7 of the Dungeon)
  6550 | D:8      | Noticed a two-headed ogre
  6568 | D:8      | Killed a two-headed ogre
  6706 | D:8      | Reached skill level 10 in Maces & Flails
  6710 | D:8      | Reached XP level 10. HP: 86/86 MP: 10/10
  6828 | D:8      | Noticed a two-headed ogre
  6836 | D:8      | Killed a two-headed ogre
  7848 | D:9      | Reached *** piety under the Shining One
  7980 | D:9      | Noticed a cyclops
  8131 | D:9      | Killed a cyclops
  8131 | D:9      | Reached skill level 11 in Maces & Flails
  8131 | D:9      | Reached skill level 10 in Shields
  8175 | D:9      | Noticed an unseen horror
  8187 | D:9      | Killed an unseen horror
  8187 | D:9      | Reached XP level 11. HP: 79/95 MP: 11/11
  8258 | D:9      | Noticed gilok's ghost (novice GnWn)
  8259 | D:9      | Noticed a two-headed ogre
  8289 | D:9      | The Shining One protects you from harm!
  8299 | D:10     | Entered Level 10 of the Dungeon
  8324 | D:10     | HP: 4/95 [killer bee (7)]
  8325 | D:10     | HP: 1/95 [orc wizard/magic dart (3)]
  8494 | D:10     | Found a staircase to the Lair.
  8536 | D:10     | Found a portal to a secret trove of treasure.
  8667 | D:10     | Found a blossoming altar of Fedhas.
  8669 | D:10     | Noticed an oklob plant
  8669 | D:10     | Noticed an oklob plant
  9524 | D:11     | Noticed a seven-headed hydra
  9531 | D:11     | Reached **** piety under the Shining One
  9538 | D:11     | Killed a seven-headed hydra
  9588 | D:11     | Found Cumyob's General Store.
  9925 | D:11     | Noticed a cyclops
  9935 | D:11     | Killed a cyclops
  9953 | D:11     | Noticed a cyclops
  9970 | D:11     | Killed a cyclops
 10005 | D:11     | Noticed a two-headed ogre
 10012 | D:11     | Killed a two-headed ogre
 10012 | D:11     | Reached skill level 12 in Maces & Flails
 10034 | D:11     | Noticed Chopsticks's ghost (journeyman MiBe)
 10067 | D:11     | Slain by Chopsticks's ghost

Skill      XL: |  1  2  3  4  5  6  7  8  9 10 11 |
---------------+----------------------------------+-----
Shields        | 4 5 6 7 8 10 11 | 11.5
Fighting       | 4 5 6 7 8 9 |  9.7
Maces & Flails | 4 5 6 8 10 11 12 | 12.1
Armour         | 4 5 6 7 8 |  8.7
Dodging        | 1 2 |  2.8
Stealth        | |  0.8

Action                   |  1- 3 |  4- 6 |  7- 9 | 10-12 || total
-------------------------+-------+-------+-------+-------++-------
Melee: Flail             |   132 |    34 |   224 |       ||   390
       Mace              |       |   237 |   189 |       ||   426
       Whip              |       |       |    67 |   423 ||   490
Evoke: Wand              |       |       |       |     2 ||     2
  Use: Scroll            |     4 |     8 |     6 |     4 ||    22
       Potion            |       |       |       |     7 ||     7
  Eat: Ration            |       |     3 |     3 |     6 ||    12
Armor: Scale mail        |    48 |     6 |       |     2 ||    56
       Leather armour    |       |    54 |       |       ||    54
       Chain mail        |       |    33 |   194 |    78 ||   305
       Plate armour      |       |       |       |    29 ||    29
Dodge: Dodged            |    43 |    79 |    77 |    98 ||   297
Block: Shield            |    88 |   178 |   284 |   250 ||   800
